 Dungeon Crawl Stone Soup version 0.18.1-47-g9310371 (webtiles) character file.

11483 thrashmonkey the Geomancer (level 11, -4/64 HPs)
             Began as a Gargoyle Earth Elementalist on June 20, 2016.
             Was a Believer of Vehumet.
             Slain by Snorg (10 damage)
             ... on level 10 of the Dungeon.
             The game lasted 01:29:40 (15486 turns).

thrashmonkey the Geomancer (GrEE)                  Turns: 15486, Time: 01:29:41

Health: -4/64      AC: 11    Str: 11    XL:     11   Next: 78%
Magic:  23/23      EV: 13    Int: 24    God:    Vehumet [**....]
Gold:   498        SH:  0    Dex: 10    Spells: 4 memorised, 12 levels left

rFire  . . .     SeeInvis .     a - +1 flail (holy)
rCold  . . .     Gourm    .     m - +0 robe
rNeg   + . .     Faith    .     (no shield)
rPois  ∞         Spirit   .     (no helmet)
rElec  +         Dismiss  .     G - +0 cloak
rCorr  .         Reflect  .     (no gloves)
SustAt .         Harm     .     (no boots)
MR     +....                    u - amulet of magic regeneration
Stlth  ++........               s - +4 ring of intelligence
                                v - ring of protection from magic

@: somewhat resistant to hostile enchantments, unstealthy
A: negative energy resistance 1, electricity resistance, unbreathing,
petrification resistance, rot immunity, AC +7
a: Renounce Religion


You were on level 10 of the Dungeon.
You worshipped Vehumet.
Vehumet was pleased with you.
You were hungry.

You visited 3 branches of the dungeon, and saw 14 of its levels.

You collected 526 gold pieces.
You spent 28 gold pieces at shops.

Inventory:

Hand Weapons
 a - a +1 flail of holy wrath (weapon)
Missiles
 b - 128 stones (quivered)
Armour
 m - a +0 robe (worn)
 G - a +0 cloak (worn)
Jewellery
 s - a +4 ring of intelligence (right hand)
 u - an amulet of magic regeneration (around neck)
 v - a ring of protection from magic (left hand)
 N - an uncursed ring of protection from fire
Wands
 c - a wand of iceblast (0/15)
 f - a wand of flame (23/48)
 g - a wand of confusion (6/48)
 o - a wand of polymorph (11/24)
 y - a wand of polymorph (4/24)
Scrolls
 h - 2 scrolls of remove curse
 i - a scroll of identify
 k - 2 scrolls of teleportation
 n - a scroll of fear {unknown}
 p - a scroll of acquirement {unknown}
 q - a scroll of random uselessness {unknown}
 t - 2 scrolls of recharging {unknown}
 D - a scroll of magic mapping {unknown}
Potions
 e - a potion of haste {unknown}
 j - a potion of lignification {unknown}
 w - a potion of degeneration {unknown}
 x - a potion of curing {unknown}
 z - a potion of invisibility {unknown}
 A - a potion of ambrosia {unknown}
 C - a potion of heal wounds
Books
 l - a book of Unlife

   Spells                             Type                      Level
   a - Recall                         Summoning/Translocation      3
   b - Animate Dead                   Necromancy                   4
   c - Control Undead                 Necromancy                   4
   d - Cigotuvi's Embrace             Necromancy                   5
   e - Death Channel                  Necromancy                   6
   f - Simulacrum                     Ice/Necromancy               6
Comestibles
 d - 2 bread rations
 r - a meat ration
 F - 12 fruits


   Skills:
 + Level 6.1 Fighting
 + Level 5.2 Maces & Flails
 - Level 6.0 Armour
 + Level 4.7 Dodging
 - Level 2.1 Stealth
 * Level 8.7 Spellcasting
 + Level 6.1 Conjurations
   Level 0.7 Transmutations
 + Level 4.2 Fire Magic
 + Level 9.2 Earth Magic
 + Level 4.8 Evocations


You had 12 spell levels left.
You knew the following spells:

 Your Spells              Type           Power        Failure   Level  Hunger
a - Sandblast             Erth           ######       1%          1    None
b - Stone Arrow           Conj/Erth      #####.       1%          3    None
c - Lee's Rapid Deconstr  Erth           ######....   4%          5    ####...
d - Bolt of Fire          Conj/Fire      #####.....   95%         6    ######.


Dungeon Overview and Level Annotations

Branches:
Dungeon (11/15)            Temple (1/1) D:5            Lair (2/8) D:8
    Orc: D:9-12

Altars:
Ashenzari
Cheibriados
Dithmenos
Elyvilon
Fedhas
Gozag
Kikubaaqudgha
Makhleb
Nemelex Xobeh
Okawaru
Pakellas
Qazlal
Ru
Sif Muna
Trog
Vehumet
Xom
Yredelemnul
Zin
The Shining One

Shops:
D:4 *   D:9 (

Annotations:
D:8 Gastronok
D:10 Snorg


Innate Abilities, Weirdness & Mutations

You are resistant to torment.
Your stone body is resilient (AC +7).
You are immune to poison.
You resist negative energy.
You are resistant to electric shocks.
You can survive without breathing.
You are immune to petrification.
You are immune to rotting.


Message History

Press: ? - help, Shift-Dir - straight line, f/p - Snorg
Aim: Snorg (lightly wounded)
The stone arrow hits Snorg.
Snorg is moderately wounded.
Snorg bites you. Snorg claws you. Snorg claws you!
You climb upwards.
There is a stone staircase leading down here.
Snorg goes berserk!
All of the chunks of flesh in your inventory have rotted away.
Snorg bites you! Snorg barely misses you. Snorg claws you but does no damage.
Snorg misses you. Snorg claws you. x2
Snorg bites you! Snorg claws you. x2
Snorg rages.
Snorg bites you but does no damage. Snorg claws you!
* * * LOW HITPOINT WARNING * * *
Snorg closely misses you. Snorg bites you.
* * * LOW HITPOINT WARNING * * *
Snorg claws you!
You die...

#.###.########........
#................###..
#####.##########......
#.# #####.. #.# #..
#.# #.. #.# #.. #T#
##. #@###############.
#.................
##################


You could see Snorg (berserk).

Vanquished Creatures
  A hydra (Lair:1)
  A hill giant (D:10)
  A black mamba (Lair:1)
  3 spiny frogs
  3 komodo dragons
  2 trolls
  A wyvern (D:8)
  Sigmund (D:3)
  A wraith (D:10)
  4 hungry ghosts
  A hippogriff (D:7)
  Menkaure (D:5)
  3 water moccasins (Lair:1)
  3 porcupines (Lair:1)
  An orc warrior (D:10)
  A black bear (D:7)
  3 necrophages
  5 ice beasts
  3 sky beasts
  2 eyes of draining
  8 ogres
  2 phantoms
  7 centaurs
  5 wolves (Lair:1)
  A crocodile (D:9)
  4 giant frogs
  A gnoll sergeant (D:6)
  A scorpion (D:9)
  5 killer bees
  8 wights
  3 howler monkeys
  3 crimson imps
  2 centaur zombies
  4 hounds
  A quasit (D:7)
  2 jellies
  7 orc priests
  9 orc wizards
  Jessica (D:3)
  A centaur skeleton (D:6)
  3 giant frog skeletons
  5 iguanas
  Natasha (thrice) (D:3)
  10 worker ants
  2 hound zombies
  A hound skeleton (D:4)
  2 worker ant zombies
  8 gnolls
  13 adders
  2 shadow imps
  5 adder skeletons
  2 adder zombies (D:7)
  4 worms
  4 dart slugs
  6 giant geckos
  18 orcs
  2 ball pythons
  3 giant cockroaches
  2 hobgoblins
  4 jackals (D:7)
  6 kobolds
  6 quokkas
  7 bats
  3 giant newts
  4 goblins
  A quokka skeleton (D:4)
  10 rats
252 creatures vanquished.

Vanquished Creatures (others)
  A fungus (Lair:1)
1 creature vanquished.

Grand Total: 253 creatures vanquished

Notes
Turn   | Place    | Note
--------------------------------------------------------------
     0 | D:1      | thrashmonkey the Gargoyle Earth Elementalist began the quest for the Orb.
     0 | D:1      | Reached XP level 1. HP: 10/10 MP: 3/3
   240 | D:1      | Reached skill level 4 in Earth Magic
   240 | D:1      | Reached XP level 2. HP: 15/15 MP: 0/5
  1128 | D:2      | Reached XP level 3. HP: 19/19 MP: 2/6
  1911 | D:3      | Reached skill level 5 in Earth Magic
  1911 | D:3      | Reached XP level 4. HP: 24/24 MP: 2/8
  1916 | D:3      | Learned a level 3 spell: Stone Arrow
  2087 | D:3      | Noticed Sigmund
  2093 | D:3      | Noticed Natasha
  2107 | D:3      | HP: 1/24 [Sigmund/magic dart (5)]
  2485 | D:3      | Noticed Jessica
  2489 | D:3      | Killed Jessica
  2489 | D:3      | Reached skill level 1 in Conjurations
  2489 | D:3      | Reached XP level 5. HP: 28/28 MP: 5/10
  2496 | D:3      | Learned a level 5 spell: Lee's Rapid Deconstruction
  2674 | D:3      | Noticed an ogre
  2684 | D:3      | Killed an ogre
  2698 | D:3      | Reached XP level 6. HP: 32/32 MP: 8/12
  2821 | D:3      | Killed Sigmund
  2996 | D:3      | Killed Natasha
  3203 | D:3      | Reached skill level 6 in Earth Magic
  3477 | D:3      | Reached XP level 7. HP: 36/36 MP: 11/14
  3625 | D:3      | Noticed Natasha
  3637 | D:3      | Killed Natasha
  3655 | D:3      | Noticed Natasha
  3662 | D:3      | Killed Natasha
  3905 | D:4      | Reached skill level 5 in Spellcasting
  3921 | D:4      | Reached skill level 1 in Fighting
  3970 | D:4      | Found Xehycvoo's General Store.
  3986 | D:4      | Bought a scroll of identify for 28 gold pieces
  4068 | D:4      | Found a glowing golden altar of the Shining One.
  4089 | D:4      | Reached skill level 1 in Maces & Flails
  4118 | D:4      | Reached skill level 1 in Armour
  4215 | D:4      | Reached skill level 1 in Evocations
  4511 | D:4      | Found a deep blue altar of Sif Muna.
  4735 | D:5      | Entered Level 5 of the Dungeon
  4752 | D:5      | Reached XP level 8. HP: 43/44 MP: 11/15
  5325 | D:5      | Found a sparkling altar of Nemelex Xobeh.
  6050 | D:5      | Found a staircase to the Ecumenical Temple.
  6074 | Temple   | Entered the Ecumenical Temple
  6302 | D:5      | Reached skill level 7 in Earth Magic
  6453 | D:5      | Reached XP level 9. HP: 43/51 MP: 8/18
  6771 | D:6      | Noticed Menkaure
  6779 | D:5      | Killed Menkaure
  7932 | D:7      | Learned a level 6 spell: Bolt of Fire
  8422 | D:7      | Found a burning altar of Makhleb.
  8474 | D:7      | Reached skill level 1 in Fire Magic
  8565 | D:7      | Found a radiant altar of Vehumet.
  8567 | D:7      | Found an oddly glowing altar of Pakellas.
  8958 | D:7      | Reached skill level 8 in Earth Magic
  8986 | D:7      | Found a radiant altar of Vehumet.
  8998 | D:7      | Became a worshipper of Vehumet
  9132 | D:7      | Reached XP level 10. HP: 57/57 MP: 16/20
  9204 | D:7      | Reached skill level 5 in Conjurations
  9471 | D:8      | Found a shimmering altar of Xom.
  9574 | D:8      | Got a glittering copper ring
  9644 | D:7      | Found a shadowy altar of Dithmenos.
  9736 | D:8      | Reached * piety under Vehumet
  9736 | D:8      | Offered knowledge of Freeze by Vehumet.
  9969 | D:8      | Found a staircase to the Lair.
 10107 | D:8      | Found a stormy altar of Qazlal.
 10220 | Lair:1   | Entered Level 1 of the Lair of Beasts
 10227 | Lair:1   | Noticed Gastronok
 10495 | D:9      | Found an opulent altar of Gozag.
 10689 | D:9      | Identified the ring "Fasmihie" {*Confuse +Fly Str+3 Dex+6} (You took it off a centaur on level 8 of the Dungeon)
 10706 | D:9      | Reached skill level 5 in Fighting
 10801 | D:8      | Reached skill level 5 in Armour
 11194 | Lair:1   | Noticed a spiny frog
 11208 | Lair:1   | Killed a spiny frog
 11320 | Lair:1   | Noticed a black mamba
 11326 | Lair:1   | Killed a black mamba
 11513 | Lair:2   | Noticed a spiny frog
 11519 | Lair:2   | Killed a spiny frog
 11519 | Lair:2   | Reached XP level 11. HP: 55/64 MP: 10/22
 11781 | Lair:1   | Noticed a four-headed hydra
 11802 | Lair:1   | Killed a four-headed hydra
 12725 | Lair:1   | Reached skill level 9 in Earth Magic
 14142 | D:9      | Found Laosotz's Antique Weapon Boutique.
 14482 | D:9      | Found a blossoming altar of Fedhas.
 14547 | D:10     | Entered Level 10 of the Dungeon
 14818 | D:10     | Noticed a hill giant
 14825 | D:10     | Killed a hill giant
 14837 | D:10     | Reached skill level 5 in Maces & Flails
 14904 | D:10     | Offered knowledge of Throw Frost by Vehumet.
 15234 | D:10     | Reached ** piety under Vehumet
 15465 | D:11     | Noticed Snorg
 15486 | D:10     | Slain by Snorg

Skill      XL: |  1  2  3  4  5  6  7  8  9 10 11 |
---------------+----------------------------------+-----
Earth Magic    | 4 5 6 7 8 9 |  9.2
Spellcasting   | 3 4 5 6 7 8 |  8.7
Conjurations   | 1 2 3 4 5 6 |  6.1
Fighting       | 2 3 4 5 6 |  6.1
Maces & Flails | 1 2 3 4 5 |  5.2
Armour         | 1 2 4 5 6 |  6.0
Dodging        | 2 3 4 |  4.7
Evocations     | 1 2 3 4 |  4.8
Fire Magic     | 1 3 4 |  4.2
Stealth        | |  2.1
Transmutations | |  0.7

Action                   |  1- 3 |  4- 6 |  7- 9 | 10-12 || total
-------------------------+-------+-------+-------+-------++-------
Melee: Unarmed           |     1 |       |       |       ||     1
       Whip              |       |       |     1 |       ||     1
       Flail             |       |       |    30 |    17 ||    47
       Dire flail        |       |       |    11 |       ||    11
Throw: Stone             |       |       |       |     1 ||     1
 Cast: Sandblast         |    63 |    61 |   336 |    93 ||   553
       Stone Arrow       |       |       |       |   159 ||   159
       Lee's Rapid Decon |       |       |       |     5 ||     5
Evoke: Wand              |       |       |       |    11 ||    11
  Use: Scroll            |       |       |     1 |     7 ||     8
       Potion            |       |       |       |     5 ||     5
  Eat: Chunk             |     4 |     4 |    19 |    18 ||    45
       Royal jelly       |       |       |       |     1 ||     1
       Beef jerky        |       |       |       |     1 ||     1
Armor: Robe              |    12 |     5 |   129 |    73 ||   219
Dodge: Dodged            |    21 |    17 |   196 |   144 ||   378
